 Dungeon Crawl Stone Soup version 0.27.1 (webtiles) character file.

Game seed: 14233201862546293037

3724 karkarkar the Protected (level 10, -2/81 HPs)
             Began as a Gnoll Wanderer on Aug 21, 2021.
             Was an Initiate of Ashenzari.
             Slain by Harold (9 damage)
             ... on level 7 of the Dungeon.
             The game lasted 00:33:54 (11632 turns).

karkarkar the Protected (Gnoll Wanderer)           Turns: 11632, Time: 00:33:55

Health: -2/81      AC: 13    Str: 17    XL:     10   Next: 14%
Magic:  17/17      EV: 10    Int: 14    God:    Ashenzari [......]
Gold:   587        SH: 10    Dex: 13    Spells: 18/19 levels left

rFire    . . .     SeeInvis .   A - +9 dagger "Ensconced Stickiness" {vorpal, rPois Str+3 Int+3, Melee, Cun} (curse)
rCold    . . .     Faith    .   h - +0 kite shield
rNeg     . . .     Spirit   .   c - +2 scale mail
rPois    +         Reflect  .   o - +2 hat
rElec    .         Harm     .   (no cloak)
rCorr    .         Rampage  .   l - +0 pair of gloves
Will     .....                  (no boots)
Stlth    ++........             D - amulet of the acrobat
HPRegen  0.23/turn              (no ring)
MPRegen  0.15/turn              (no ring)

@: studying Maces & Flails
A: fangs 1, strong nose, distributed training
a: Renounce Religion, Shatter the Chains


You were on level 7 of the Dungeon.
You worshipped Ashenzari.
Ashenzari was noncommittal.
You visited 2 branches of the dungeon, and saw 8 of its levels.
You also visited: Ossuary.

You collected 587 gold pieces.

Inventory:

Hand Weapons
 r - a +1 dagger of holy wrath
 v - a +0 war axe
 x - the +5 whip "Alecseku" {vorpal, Str+2}
   (You found it on level 5 of the Dungeon)

   It inflicts extra damage upon your enemies.
   Str:       It affects your strength (+2).
 A - the cursed +9 dagger "Ensconced Stickiness" (weapon) {vorpal, rPois Str+3 Int+3, Melee, Cun}
   (You took it off an orc on level 6 of the Dungeon)

   It inflicts extra damage upon your enemies.
   Str:       It affects your strength (+3).
   Int:       It affects your intelligence (+3).
   rPois:     It protects you from poison.
   It has a curse which improves the following skills: Melee Combat: Short
   Blades, Long Blades, Axes, Maces & Flails, Polearms, Staves and Unarmed
   Combat.
   Cunning:   Dodging and Stealth.
Missiles
 a - 8 poisoned darts (quivered)
 E - 3 boomerangs
Armour
 c - a +2 scale mail (worn)
 h - a +0 kite shield (worn)
 l - a +0 pair of gloves (worn)
 o - a +2 hat (worn)
Jewellery
 e - an amulet of magic regeneration
 y - an amulet of guardian spirit
 D - an amulet of the acrobat (around neck)
Wands
 w - a wand of polymorph (10)
Scrolls
 d - 4 scrolls of magic mapping
 i - a scroll of enchant weapon
 n - 2 scrolls of amnesia
 q - a scroll of holy word
 t - a scroll of brand weapon
 z - a scroll of enchant armour
 B - a scroll of teleportation
Potions
 b - 2 potions of lignification
 f - 2 potions of attraction
 g - 3 potions of flight
 j - 2 potions of berserk rage
 k - 3 potions of heal wounds
 m - 5 potions of mutation
 p - 3 potions of curing
 s - a potion of haste
 u - 2 potions of invisibility
 C - a potion of brilliance


   Skills:
 + Level 8.3 Fighting
 + Level 5.0(5.5) Short Blades
 + Level 5.0(5.5) Long Blades
 + Level 6.8(7.4) Axes
 + Level 6.3(6.8) Maces & Flails
 + Level 5.0(5.5) Polearms
 + Level 5.0(5.5) Staves
 + Level 5.0 Slings
 + Level 5.0 Bows
 + Level 5.0 Crossbows
 + Level 5.0 Throwing
 + Level 8.3 Armour
 + Level 5.0(5.5) Dodging
 + Level 5.0(5.5) Stealth
 + Level 5.7 Shields
 + Level 5.0(5.5) Unarmed Combat
 + Level 5.0 Spellcasting
 + Level 4.1 Conjurations
 + Level 4.1 Hexes
 + Level 4.1 Summonings
 + Level 4.1 Necromancy
 + Level 4.1 Translocations
 + Level 4.1 Transmutations
 + Level 4.1 Fire Magic
 + Level 4.1 Ice Magic
 + Level 4.1 Air Magic
 + Level 4.1 Earth Magic
 + Level 4.1 Poison Magic
 + Level 5.5 Invocations
 + Level 5.7 Evocations


You had 18 spell levels left.
You knew the following spells:

 Your Spells              Type           Power      Damage    Failure   Level
a - Animate Skeleton      Necr           30%        N/A       30%         1

Your spell library contained the following spells:

 Spells                   Type           Power      Damage    Failure   Level
 Apportation              Tloc           30%        N/A       30%         1
 Corona                   Hex            16%        N/A       30%         1
 Summon Small Mammal      Summ           60%        N/A       30%         1
 Passage of Golubria      Tloc           N/A        N/A       97%         4
 Freezing Cloud           Conj/Ice/Air   7%         6-21      100%        5
 Silence                  Hex/Air        7%         N/A       100%        5
 Simulacrum               Ice/Necr       7%         N/A       100%        6
 Lehudib's Crystal Spear  Conj/Erth      7%         10d3      100%        8
 Polar Vortex             Ice            7%         N/A       100%        9


Dungeon Overview and Level Annotations

Branches:
Dungeon (7/15)             Temple (1/1) D:6         Ossuary (visited)

Altars:
Ashenzari
Cheibriados
Dithmenos
Elyvilon
Fedhas
Gozag
Hepliaklqana
Kikubaaqudgha
Makhleb
Nemelex Xobeh
Okawaru
Qazlal
Sif Muna
Trog
Uskayaw
Vehumet
Wu Jian
Xom
Yredelemnul
Zin
The Shining One

Annotations:
D:7 1 runed translucent door, Crazy Yiuf, Harold


Innate Abilities, Weirdness & Mutations

You have very sharp teeth.
Your uncanny sense of smell can sniff out nearby items.
Your experience applies equally to all skills.


Message History

You are yanked forward by the harpoon shot.
You hit Harold but do no damage.
Harold is moderately wounded.
The goblin hits you but does no damage.
You hit Harold. Your bite misses Harold.
Harold is moderately wounded.
Harold hits you with a +0 halberd. The goblin closely misses you.
You barely miss Harold.
Harold is moderately wounded.
Harold hits you with a +0 halberd! The goblin hits you but does no damage.
You puncture Harold!
Harold is heavily wounded.
Harold completely misses you. You block the goblin's attack.
You hit Harold but do no damage. You bite Harold, but do no damage.
Harold is heavily wounded.
You block Harold's attack. The goblin hits you but does no damage.
You hit Harold but do no damage. You bite Harold, but do no damage.
Harold is heavily wounded.
You kill the goblin!
You block Harold's attack.
You hit Harold but do no damage.
Harold is heavily wounded.
Harold says, "Bounty hunting has been great, but I can't wait to retire."
Harold hits you with a +0 halberd!
* * * LOW HITPOINT WARNING * * *
Unknown command.
You hit Harold but do no damage.
Harold is heavily wounded.
Harold hits you with a +0 halberd!
* * * LOW HITPOINT WARNING * * *
You hit Harold.
Harold is heavily wounded.
You block Harold's attack.
You hit Harold but do no damage.
Harold is heavily wounded.
You block Harold's attack.
You hit Harold.
Harold is heavily wounded.
Harold hits you with a +0 halberd!
You die...

#......(..<.≈|..≈.#
...........≈≈≈≈≈.#
......(.........#
.......(...#.#..#
.........##...## #
......##..##..# .... ## .....#
##(##.## .... .## #..## #@(..#
##... ..### ## #@.### #....
#...## ###..## #.... ##...##
##.....# #.... ###..###
###......## ####...(
##...###.........######.......
##......................##...
###.........#...##########..
#.....###..#### ##.
###<...#..## ##


You could see Harold (poisoned).

Vanquished Creatures
  Pikel (D:7)
  Sigmund (D:5)
  5 yaks
  Menkaure (D:6)
  A water moccasin (D:5)
  An orc warrior (D:6)
  2 black bears (D:6)
  A sky beast (D:6)
  A necrophage (D:6)
  An ogre (D:5)
  A lemure (D:7)
  A phantom (D:5)
  2 wyvern zombies (D:6)
  3 scorpions
  A water moccasin zombie (D:5)
  A wyvern skeleton (D:7)
  6 wights
  2 bullfrog zombies
  A centaur zombie (D:5)
  A jelly (D:4)
  4 hounds
  4 iguanas
  2 centaur skeletons
  A gnoll shaman (D:5)
  A scorpion zombie (D:5)
  Terence (D:3)
  An orc wizard (D:4)
  A killer bee zombie (D:7)
  2 hound skeletons
  8 mummies (Ossuary)
  6 adders
  3 gnolls (D:6)
  A howler monkey skeleton (D:6)
  A white imp (D:6)
  An adder zombie (D:3)
  2 worms (D:2)
  4 dart slugs
  17 orcs
  6 bats
  6 endoplasms
  4 giant cockroaches
  7 goblins
  5 hobgoblins
  10 jackals
  5 kobolds
  6 quokkas
  6 ball pythons
  8 frilled lizards
  2 gnoll zombies (Ossuary)
  A hobgoblin zombie (Ossuary)
  3 kobold zombies (Ossuary)
  2 orc zombies (Ossuary)
  A quokka zombie (D:5)
  6 rats
  A rat zombie (D:5)
173 creatures vanquished.

Notes
Turn   | Place    | Note
-------+----------+-------------------------------------------
     0 | D:1      | karkarkar the Gnoll Wanderer began the quest for the Orb.
     0 | D:1      | karkarkar set off with the following items: a +0 club, 2
                  | potions of lignification, a +2 scale mail
     0 | D:1      | Reached XP level 1. HP: 23/23 MP: 1/1
    59 | D:1      | Reached XP level 2. HP: 14/29 MP: 2/2
   919 | D:1      | Reached XP level 3. HP: 29/35 MP: 3/3
  1421 | D:2      | Reached skill level 1 in Invocations
  1518 | D:2      | Reached skill level 1 in Short Blades
  1518 | D:2      | Reached skill level 1 in Long Blades
  1518 | D:2      | Reached skill level 1 in Maces & Flails
  1518 | D:2      | Reached skill level 1 in Polearms
  1518 | D:2      | Reached skill level 1 in Staves
  1518 | D:2      | Reached skill level 1 in Slings
  1518 | D:2      | Reached skill level 1 in Bows
  1518 | D:2      | Reached skill level 1 in Crossbows
  1518 | D:2      | Reached skill level 1 in Throwing
  1518 | D:2      | Reached skill level 1 in Dodging
  1518 | D:2      | Reached skill level 1 in Stealth
  1518 | D:2      | Reached skill level 1 in Unarmed Combat
  1518 | D:2      | Reached skill level 1 in Spellcasting
  1602 | D:2      | Reached XP level 4. HP: 41/41 MP: 5/5
  1704 | D:2      | Found a faded altar of an unknown god.
  2450 | D:3      | Noticed Terence
  2641 | D:3      | Reached skill level 1 in Conjurations
  2641 | D:3      | Reached skill level 1 in Hexes
  2641 | D:3      | Reached skill level 1 in Summonings
  2641 | D:3      | Reached skill level 1 in Necromancy
  2641 | D:3      | Reached skill level 1 in Translocations
  2641 | D:3      | Reached skill level 1 in Transmutations
  2641 | D:3      | Reached skill level 1 in Fire Magic
  2641 | D:3      | Reached skill level 1 in Ice Magic
  2641 | D:3      | Reached skill level 1 in Air Magic
  2641 | D:3      | Reached skill level 1 in Earth Magic
  2641 | D:3      | Reached skill level 1 in Poison Magic
  2692 | D:3      | Killed Terence
  2977 | D:3      | Reached XP level 5. HP: 47/47 MP: 6/6
  4177 | D:4      | Reached XP level 6. HP: 37/53 MP: 8/8
  4954 | D:4      | Reached skill level 5 in Axes
  5242 | D:5      | Entered Level 5 of the Dungeon
  5474 | D:5      | Found a sand-covered staircase.
  5484 | Ossuary  | Entered an ossuary
  5559 | Ossuary  | Reached XP level 7. HP: 34/59 MP: 10/10
  6494 | D:5      | Noticed Sigmund
  6820 | D:5      | Killed Sigmund
  7401 | D:5      | Reached XP level 8. HP: 58/67 MP: 12/12
  7948 | D:5      | Identified the +5 whip "Alecseku" {vorpal, Str+2}
  8410 | D:6      | Noticed a yak
  8410 | D:6      | Noticed a yak
  8447 | D:5      | Killed a yak
  8448 | D:5      | Reached XP level 9. HP: 41/72 MP: 14/14
  8993 | D:6      | Learned a level 1 spell: Animate Skeleton
  9035 | D:6      | Identified the +9 dagger "Spider's Funeral" {vorpal, rPois
                  | Str+3 Int+3}
  9334 | D:6      | Reached skill level 5 in Maces & Flails
  9334 | D:6      | Reached skill level 5 in Shields
  9334 | D:6      | Reached skill level 5 in Evocations
  9527 | D:6      | Found a staircase to the Ecumenical Temple.
  9545 | D:6      | Noticed Menkaure
  9548 | Temple   | Entered the Ecumenical Temple
  9880 | Temple   | Became a worshipper of Ashenzari the Shackled
  9940 | D:6      | Killed Menkaure
 10187 | D:6      | Reached skill level 5 in Invocations
 10533 | D:7      | Noticed Harold
 10533 | D:7      | Found a flagged portal.
 10916 | D:7      | Found a runed translucent door.
 10917 | D:7      | Noticed Crazy Yiuf
 11057 | D:7      | Noticed Pikel
 11079 | D:7      | Killed Pikel
 11080 | D:7      | Reached XP level 10. HP: 62/80 MP: 17/17
 11366 | D:6      | Reached skill level 5 in Short Blades
 11366 | D:6      | Reached skill level 5 in Long Blades
 11366 | D:6      | Reached skill level 5 in Polearms
 11366 | D:6      | Reached skill level 5 in Staves
 11366 | D:6      | Reached skill level 5 in Slings
 11366 | D:6      | Reached skill level 5 in Bows
 11366 | D:6      | Reached skill level 5 in Crossbows
 11366 | D:6      | Reached skill level 5 in Throwing
 11366 | D:6      | Reached skill level 5 in Dodging
 11366 | D:6      | Reached skill level 5 in Stealth
 11366 | D:6      | Reached skill level 5 in Unarmed Combat
 11366 | D:6      | Reached skill level 5 in Spellcasting
 11632 | D:7      | Slain by Harold

Illustrated notes

Levels and vault maps discovered:
D:1:      grunt_arrival_crossed_arrows, layout_basic
D:2:      layout_loops_ring, hellmonk_ecumenical_altar_dog_temple,
          kennysheep_cluttered_room, minmay_box_of_dots
D:3:      layout_loops_corners, serial_glass, glass_columns_a, glass_columns_a,
          serial_bayou_pond_e, uniq_terence
D:4:      layout_rooms, serial_glass, glass_columns_c, glass_columns_a
D:5:      layout_basic, enter_ossuary_4, minmay_manual_mess, uniq_sigmund
D:6:      layout_rooms, minmay_temple_entry_steel_oval, lemuel_old_faithful,
          uniq_menkaure
D:7:      layout_cave_pods, enter_bailey_5, uniq_joseph, uniq_pikel,
          uniq_harold, uniq_crazy_yiuf_cottage
Temple:   kilobyte_greek_temple

Skill      XL: |  1  2  3  4  5  6  7  8  9 10 |
---------------+-------------------------------+-----
Invocations    | 1 2 3 4 5 |  5.5
Short Blades   | 1 2 3 4 5 |  5.0
Long Blades    | 1 2 3 4 5 |  5.0
Maces & Flails | 1 2 4 6 |  6.3
Polearms       | 1 2 3 4 5 |  5.0
Staves         | 1 2 3 4 5 |  5.0
Slings         | 1 2 3 4 5 |  5.0
Bows           | 1 2 3 4 5 |  5.0
Crossbows      | 1 2 3 4 5 |  5.0
Throwing       | 1 2 3 4 5 |  5.0
Dodging        | 1 2 3 4 5 |  5.0
Stealth        | 1 2 3 4 5 |  5.0
Unarmed Combat | 1 2 3 4 5 |  5.0
Spellcasting   | 1 2 3 4 5 |  5.0
Conjurations   | 1 2 3 4 |  4.1
Hexes          | 1 2 3 4 |  4.1
Summonings     | 1 2 3 4 |  4.1
Necromancy     | 1 2 3 4 |  4.1
Translocations | 1 2 3 4 |  4.1
Transmutations | 1 2 3 4 |  4.1
Fire Magic     | 1 2 3 4 |  4.1
Ice Magic      | 1 2 3 4 |  4.1
Air Magic      | 1 2 3 4 |  4.1
Earth Magic    | 1 2 3 4 |  4.1
Poison Magic   | 1 2 3 4 |  4.1
Shields        | 3 4 5 |  5.7
Evocations     | 3 4 5 |  5.7
Axes           | 5 6 |  6.8
Fighting       | 7 8 |  8.3
Armour         | 7 8 |  8.3

Action                   |  1- 3 |  4- 6 |  7- 9 | 10-12 || total
-------------------------+-------+-------+-------+-------++-------
Melee: Club              |    84 |       |       |       ||    84
       Bite              |    12 |    34 |    52 |    11 ||   109
       Short sword       |    90 |   111 |       |       ||   201
       Hand axe          |       |   201 |       |       ||   201
       Punch             |       |     1 |     1 |       ||     2
       Dagger            |       |    47 |   213 |    53 ||   313
       War axe           |       |       |    86 |       ||    86
       Whip              |       |       |   135 |       ||   135
Throw: Dart              |       |    22 |    30 |    16 ||    68
Invok: Curse Item        |       |       |     1 |       ||     1
Evoke: Wand              |       |       |     5 |       ||     5
  Use: Scroll            |     2 |     5 |     4 |       ||    11
       Potion            |       |     1 |     2 |       ||     3
Armor: Scale mail        |   118 |   198 |   179 |    26 ||   521
Dodge: Dodged            |   126 |   174 |   128 |    27 ||   455
Block: Kite shield       |       |       |   119 |    44 ||   163
